 Dungeon Crawl Stone Soup version 0.17.0-26-gececa24 (webtiles) character file.

53 fredomojojo the Sneak (level 3, -7/27 HPs)
             Began as a Vampire Assassin on Nov 20, 2015.
             Killed from afar by a jackal (13 damage)
             ... with an exploding inner flame
             ... hexed by the player character
             ... on level 3 of the Dungeon.
             The game lasted 00:20:54 (1393 turns).

fredomojojo the Sneak (Vampire Assassin)            Turns: 1393, Time: 00:20:54

Health: -7/27      AC:  3    Str: 10    XL:     3   Next: 62%
Magic:  3/3        EV: 12    Int: 13    God:
Gold:   135        SH:  0    Dex: 16    Spells: 0 memorised, 2 levels left

rFire  + . .     SeeInvis +     a - +2 dagger
rCold  + . .     Clarity  .     c - +0 robe
rNeg   + + .     SustAt   .     (no shield)
rPois  +         Gourm    .     (no helmet)
rElec  .         Spirit   .     d - +0 cloak
rCorr  .         Warding  .     (no gloves)
rMut   .         Rnd*Tele +     (no boots)
MR     .....                    (no amulet)
Stlth  ++++......               o - ring of protection from fire
                                p - ring of teleportation (curse)

@: regenerating slowly, not resistant to hostile enchantments, stealthy
A: fangs 3, see invisible, unbreathing
a: Bat Form, Evoke Teleportation


You were on level 3 of the Dungeon.
You were thirsty.

You visited 1 branch of the dungeon, and saw 3 of its levels.

You collected 135 gold pieces.

Inventory:

Hand Weapons
 a - a +2 dagger (weapon)
 b - a +0 blowgun
 m - a +0 short sword
 q - a +0 short sword
Missiles
 e - 21 poisoned needles
 f - 2 curare-tipped needles
 h - 4 javelins (quivered)
Armour
 c - a +0 robe (worn)
 d - a +0 cloak (worn)
 n - a +0 robe
Jewellery
 o - a ring of protection from fire (right hand)
 p - a cursed ring of teleportation (left hand)
Scrolls
 i - a scroll of teleportation {unknown}
 j - 3 scrolls of blinking {unknown}
 t - a scroll of immolation
Potions
 g - 20 potions of blood
 k - a potion of brilliance {unknown}
 r - a potion of haste {unknown}
 s - a potion of curing
 v - a potion of might


   Skills:
 + Level 1.9 Fighting
 + Level 2.4 Short Blades
 + Level 1.7 Throwing
 + Level 2.0 Dodging
 + Level 7.2 Stealth


You had 2 spell levels left.
You didn't know any spells.

Dungeon Overview and Level Annotations

Branches:
Dungeon (3/15)

Altars:


Innate Abilities, Weirdness & Mutations

You heal slowly.
You have razor-sharp teeth.
You have supernaturally acute eyesight.
You can survive without breathing.


Message History

The jackal bites you but does no damage.
The jackal bites the plant but does no damage.
The jackal barely misses you.
You closely miss the jackal.
The jackal bites you but does no damage.
The jackal barely misses you. The jackal closely misses you.
The jackal bites you but does no damage.
The jackal bites the plant but does no damage.
You hit the jackal.
The jackal is moderately wounded.
The jackal bites you.
* * * LOW HITPOINT WARNING * * *
The jackal bites you.
* * * LOW HITPOINT WARNING * * *
The jackal bites you but does no damage. x2
The jackal splashes around in the water.
You hit the jackal.
The jackal explodes!
The fiery explosion engulfs you! You resist.
You die...

*,,,,≈≈≈,*,,,,,,*****************
*,,,,≈≈***+*,,,,+,,,,,,,,,,,,,,,,
*,,,,≈≈*,,,#+##################**
*,,,,≈≈*,,,#...................,,
*,,,,≈≈**###≈≈≈≈≈≈≈≈≈≈≈≈≈≈≈≈≈≈≈≈≈
*,,,,≈≈≈≈≈≈≈≈≈≈≈≈≈≈≈≈≈≈≈≈≈≈≈≈≈≈≈≈
*,,,,≈≈≈≈≈≈≈≈≈≈≈hh≈≈≈≈≈≈≈≈≈≈≈≈≈≈≈
*,,,,,,,,......Phhh............,,
*,,,,,,,,.....§§@hh............,,
*********######################**


You could see 7 jackals.

Vanquished Creatures
  An ooze (D:1)
  A worm (D:3)
  A giant gecko (D:3)
  3 giant cockroaches
  4 goblins
  6 hobgoblins
  A quokka (D:2)
  2 ball pythons
  3 bats (D:1)
  3 giant newts
  6 jackals
  6 kobolds
  6 rats
43 creatures vanquished.

Notes
Turn   | Place    | Note
--------------------------------------------------------------
     0 | D:1      | fredomojojo the Vampire Assassin began the quest for the Orb.
     0 | D:1      | Reached XP level 1. HP: 16/16 MP: 1/1
    63 | D:1      | Reached skill level 6 in Stealth
   132 | D:1      | Reached XP level 2. HP: 17/22 MP: 2/2
   791 | D:2      | Reached XP level 3. HP: 27/27 MP: 3/3
  1256 | D:3      | Reached skill level 7 in Stealth
  1393 | D:3      | Killed from afar by a jackal

Action                   || total
-------------------------++-------
Melee: Dagger            ||   128
 Fire: Blowgun           ||     6
Throw: Javelin           ||     3
  Use: Potion            ||     2
       Scroll            ||     3
 Stab: Sleeping          ||    15
